 Dungeon Crawl Stone Soup version 0.23.1-37-gaa34b87 (webtiles) character file.

Game seed: 9330955302467965369

462 vishdafish the Changer (level 7, -11/43 HPs)
             Began as an Octopode Transmuter on Mar 22, 2019.
             Was an Initiate of Cheibriados.
             Splashed by Ijyb's acid (16 damage)
             ... on level 3 of the Dungeon.
             The game lasted 00:02:55 (2543 turns).

vishdafish the Changer (Octopode Transmuter)        Turns: 2543, Time: 00:02:57

Health: -11/43     AC: -3    Str: 11    XL:     7   Next: 7%
Magic:  10/10      EV: 13    Int: 18    God:    Cheibriados [......]
Gold:   66         SH:  0    Dex: 13    Spells: 9/10 levels left

rFire    . . .     SeeInvis .     - Unarmed
rCold    . . .     Gourm    .   (no shield)
rNeg     . . .     Faith    .   (helmet restricted)
rPois    +         Spirit   .   (no amulet)
rElec    .         Reflect  .   e - ring of poison resistance
rCorr    .         Harm     .   (no ring)
MR       .....                  (no ring)
Stlth    ++........             (no ring)
HPRegen  0.14/turn              (no ring)
MPRegen  0.12/turn              (no ring)
                                (no ring)
                                (no ring)

@: corroded, slow
A: almost no armour, stealthy swim, amphibious, 8 rings, constrict 8, camouflage
1, gelatinous body 1
a: Bend Time, Renounce Religion


You were on level 3 of the Dungeon.
You worshipped Cheibriados.
Cheibriados was noncommittal.
You were not hungry.

You visited 1 branch of the dungeon, and saw 3 of its levels.

You collected 66 gold pieces.

Inventory:

Missiles
 a - 12 arrows
Jewellery
 e - a ring of poison resistance (left tentacle)
Wands
 n - a wand of flame (14)
Scrolls
 f - 2 scrolls of immolation {unknown}
 i - a scroll of blinking {unknown}
 j - a scroll of identify {unknown}
 k - a scroll of noise {unknown}
Potions
 b - a potion of haste {unknown}
 d - a potion of lignification {unknown}
 h - a potion of brilliance {unknown}
 l - a potion of cancellation {unknown}
 o - a potion of magic {unknown}
Comestibles
 c - 4 rations


   Skills:
 - Level 1.0 Fighting
 - Level 2.0 Dodging
 - Level 3.1 Unarmed Combat
 - Level 2.0 Spellcasting
 + Level 7.4 Transmutations


You had 9 spell levels left.
You knew the following spells:

 Your Spells              Type           Power        Failure   Level  Hunger
a - Beastly Appendage     Tmut           ####..       1%          1    #......

Your spell library contained the following spells:

 Spells                   Type           Power        Failure   Level  Hunger
 Sticks to Snakes         Tmut           ####....     1%          2    ###....
 Spider Form              Tmut/Pois      ###.......   12%         3    ###....
 Blade Hands              Tmut           ####......   24%         5    ######.
 Ice Form                 Ice/Tmut       ###.....     36%         4    #####..


Dungeon Overview and Level Annotations

Branches:
Dungeon (3/15)

Altars:
Cheibriados
Qazlal
Ru

Annotations:
D:3 Ijyb


Innate Abilities, Weirdness & Mutations

You cannot wear most types of armour.
You are very stealthy in the water. (Stealth+)
You are amphibious.
You can wear up to eight rings at the same time.
You can use your tentacles to constrict eight enemies at once.
Your skin changes colour to match your surroundings (Stealth+).
Your rubbery body absorbs attacks. (AC +1, EV +1)


Message History

You are too injured to fight recklessly!
Okay, then.
Ijyb zaps a wand.
The bolt of acid hits you!
* * * LOW HITPOINT WARNING * * *
You are splashed with acid!
* * * LOW HITPOINT WARNING * * *
Okay, then.
Evoke which item? (* to show all) (? for menu, Esc to quit)
You don't have any such object.
Evoke which item? (* to show all) (? for menu, Esc to quit)
Okay, then.
Evoke which item? (* to show all) (? for menu, Esc to quit)
Okay, then.
Evoke which item? (* to show all) (? for menu, Esc to quit)
Okay, then.
You feel better.
Ijyb zaps a wand.
The bolt of acid hits you!
* * * LOW HITPOINT WARNING * * *
The acid corrodes you!
You are splashed with acid!
You die...

########### #.g.......#
#######@#######.#
#....##.#######.#
#............##.#
##...†.≈≈≈(..##.######.
##...>≈≈≈≈.)..........
##...≈≈≈≈≈.#.........
#...≈≈≈≈≈...........
#...#≈≈≈≈≈..........
#...#≈≈≈≈≈.........#


You could see Ijyb.

Vanquished Creatures
  Grinder (D:3)
  Jessica (D:3)
  Natasha (thrice) (D:2)
  A worker ant (D:2)
  A gnoll (D:2)
  6 adders
  A worm (D:3)
  3 dart slugs
  A leopard gecko (D:1)
  6 bats
  2 giant cockroaches
  5 goblins
  4 hobgoblins
  3 jackals (D:2)
  A quokka (D:2)
  5 frilled lizards
  10 kobolds
  6 rats
60 creatures vanquished.

Notes
Turn   | Place    | Note
-------+----------+-------------------------------------------
     0 | D:1      | vishdafish the Octopode Transmuter began the quest for the
                  | Orb.
     0 | D:1      | Reached XP level 1. HP: 13/13 MP: 3/3
   122 | D:1      | Reached XP level 2. HP: 10/18 MP: 5/5
   515 | D:1      | Reached skill level 3 in Transmutations
   811 | D:1      | Reached XP level 3. HP: 23/23 MP: 6/6
  1064 | D:2      | Noticed Natasha
  1069 | D:2      | HP: 1/23 [Natasha/magic dart (10)]
  1070 | D:2      | Killed Natasha
  1070 | D:2      | Reached skill level 4 in Transmutations
  1070 | D:2      | Reached XP level 4. HP: 1/28 MP: 7/7
  1582 | D:2      | Noticed Natasha
  1644 | D:2      | Killed Natasha
  1644 | D:2      | Reached skill level 5 in Transmutations
  1644 | D:2      | Reached XP level 5. HP: 22/33 MP: 8/8
  1668 | D:2      | Noticed Natasha
  1675 | D:2      | Killed Natasha
  2173 | D:3      | Found a stormy altar of Qazlal.
  2181 | D:3      | Found a snail-covered altar of Cheibriados.
  2186 | D:3      | Found a sacrificial altar of Ru.
  2192 | D:3      | Became a worshipper of Cheibriados the Contemplative
  2234 | D:3      | Noticed Jessica
  2239 | D:3      | Killed Jessica
  2239 | D:3      | Reached skill level 6 in Transmutations
  2239 | D:3      | Reached XP level 6. HP: 38/38 MP: 9/9
  2302 | D:3      | Noticed Grinder
  2307 | D:3      | Paralysed by Grinder for 2 turns
  2323 | D:3      | Killed Grinder
  2323 | D:3      | Reached skill level 7 in Transmutations
  2323 | D:3      | Reached XP level 7. HP: 14/43 MP: 10/10
  2538 | D:3      | Noticed Ijyb
  2540 | D:3      | HP: 1/43 [acid (10)]
  2543 | D:3      | Splashed by Ijyb's acid

Skill      XL: |  1  2  3  4  5  6 |
---------------+-------------------+-----
Transmutations | 3 4 5 6 7 |  7.4
Fighting       | |  1.0
Dodging        | |  2.0
Unarmed Combat | |  3.1
Spellcasting   | |  2.0

Action                   |  1- 3 |  4- 6 |  7- 9 || total
-------------------------+-------+-------+-------++-------
Melee: Unarmed           |    74 |    75 |     4 ||   153
       Constrict         |    21 |    20 |     1 ||    42
       Tentacles         |     9 |    19 |     2 ||    30
       Punch             |     3 |     1 |       ||     4
  Use: Potion            |     1 |     1 |     1 ||     3
 Stab: Sleeping          |     4 |     1 |       ||     5
  Eat: Chunk             |       |     4 |     1 ||     5
Armor: Skin              |     7 |     4 |       ||    11
Dodge: Dodged            |    47 |    40 |     3 ||    90
